AoeStats
← claudio_miranda_94

Arena

510211590Analyzed
1v1 RM · 3d ago on Sep 30, 2026· 19m 40s· 2 players
Game mode
Random Map
Map size
Tiny (2 player)
Population
200
Speed
Normal
Resources
Standard
Victory
Conquest
Starting age
Dark Age
Ending age
Imperial Age
RankedLock teamsTeams togetherTeam positionsShared explorationLock speedFull tech treeHidden civsTurbo modeCheats
Victory
Defeat
🇬🇹 Sicilians · Guatemala
873
+14
🇨🇱 Turks · Chile
836
-14
Tang Dynasty
11:32 Feudal Age
11:20 Loom
16:33 Castle Age
15:05 Double-Bit Axe
15:53 Fletching
19:23 Scale Mail Armor
claudio_miranda_94
8:24 Loom
10:39 Feudal Age
12:10 Horse Collar
12:17 Double-Bit Axe
18:57 Castle Age
Connection lost

Rejoining the realm…

Still unreachable

The connection could not be restored.

Session expired

The server has moved on; the page needs a fresh start.